 Dungeon Crawl Stone Soup version 0.21.1-1-g345015f (webtiles) character file.

30 inc the Vexing (level 3, -4/14 HPs)
             Began as a Felid Enchanter on Feb 21, 2018.
             Slain by a centaur (9 damage)
             ... on level 2 of the Dungeon.
             The game lasted 00:02:21 (1180 turns).

inc the Vexing (Felid Enchanter)                    Turns: 1180, Time: 00:02:22

Health: -4/14      AC:  1    Str:  4    XL:     3   Next: 5%
Magic:  1/7        EV: 18    Int: 17    God:
Gold:   43         SH:  0    Dex: 16    Spells: 3/6 levels left
                                        Lives:  0   Deaths: 0

rFire    . . .     SeeInvis +     - Unarmed
rCold    . . .     Gourm    .   (shield unavailable)
rNeg     . . .     Faith    .   (armour unavailable)
rPois    .         Spirit   .   (helmet unavailable)
rElec    .         Reflect  .   (cloak unavailable)
rCorr    .         Harm     .   (gloves unavailable)
MR       .....                  (boots unavailable)
Stlth    +++.......             (no amulet)
HPRegen  0.04/turn              (no ring)
MPRegen  0.10/turn              (no ring)

@: quick
A: very small, no armour, no weapons or thrown items, stealth, claws 1, fangs 3,
see invisible, carnivore, speed 1, shaggy fur 1, slow metabolism 1, sharp paws
a: no special abilities


You were on level 2 of the Dungeon.
You were not hungry.

You visited 1 branch of the dungeon, and saw 2 of its levels.

You collected 43 gold pieces.

Inventory:

Scrolls
 c - 3 scrolls of identify {unknown}
 f - 2 scrolls of enchant weapon {unknown}
 g - 3 scrolls of remove curse {unknown}
 h - a scroll of amnesia {unknown}
 i - a scroll of fear {unknown}
 j - a scroll of teleportation {unknown}
Potions
 d - a potion of curing {unknown}
 e - a potion of agility {unknown}
Books
 a - a book of Maledictions

   Spells                             Type                      Level
   a - Corona                         Hexes                        1
   b - Ensorcelled Hibernation        Hexes/Ice                    2
   c - Confuse                        Hexes                        3
   d - Tukima's Dance                 Hexes                        3
   e - Dazzling Spray                 Conjuration/Hexes            3
Comestibles
 b - a ration


   Skills:
 - Level 2.6 Dodging
 - Level 4.0 Stealth
 + Level 3.0 Unarmed Combat
 - Level 2.0 Spellcasting
 - Level 4.4 Hexes


You had 3 spell levels left.
You knew the following spells:

 Your Spells              Type           Power        Failure   Level  Hunger
a - Corona                Hex            ###....      3%          1    #......
b - Ensorcelled Hibernat  Hex/Ice        #.....       12%         2    ###....


Dungeon Overview and Level Annotations

Branches:
Dungeon (2/15)

Altars:


Innate Abilities, Weirdness & Mutations

You cannot wear armour.
You are incapable of wielding weapons or throwing items.
Your paws allow you to move quietly. (Stealth)
You have sharp claws.
You have razor-sharp teeth.
You have supernaturally acute eyesight. (SInv)
You are carnivorous and can eat meat at any time.
You cover ground quickly.
You are covered in fur. (AC +1)
You have a slow metabolism.
Your sharp claws are effective at attacking unaware monsters.


Message History

Confirm with . or Enter, or press ? or * to list all spells.
Aiming: Ensorcelled Hibernation
Press: ? - help, Shift-Dir - straight line, f/p - centaur
Aim: a centaur (chance to defeat MR: 40%)
The centaur looks drowsy...
The helpless centaur fails to defend itself.
You mangle the centaur!! Your bite misses the centaur.
The centaur is almost dead.
The centaur barely misses you.
You scratch the centaur but do no damage.
The centaur is almost dead.
The centaur hits you. The centaur misses you.
You barely miss the centaur.
The centaur is almost dead.
The centaur barely misses you.
You barely miss the centaur.
The centaur is almost dead.
The centaur hits you!
Ouch! That really hurt!
You die...

# # .# # #####+##.### #######
#### #..........# #.....# ...#
#......# #.# #.###.# ...##
#..c...# #.# #.# #.# ....#
#...@..# #.####.# #.#
....#############'####......###..
.)..+............................
....##....#.###.#...###.#########
.>.............[...............
............###....##...#######
####...........##.###.### #
#.......###.#..<...# # #...##.##
#.#....###


You could see a centaur.

Vanquished Creatures
  An ooze (D:1)
  2 dart slugs (D:1)
  2 ball pythons (D:1)
  3 giant cockroaches (D:1)
  2 goblins (D:1)
  A hobgoblin (D:1)
  4 bats (D:1)
  5 frilled lizards
  2 kobolds (D:1)
  A rat (D:1)
23 creatures vanquished.

Notes
Turn   | Place    | Note
-------+----------+-------------------------------------------
     0 | D:1      | inc the Felid Enchanter began the quest for the Orb.
     0 | D:1      | Reached XP level 1. HP: 7/7 MP: 4/4
   421 | D:1      | Reached XP level 2. HP: 10/11 MP: 6/6
   709 | D:1      | Learned a level 2 spell: Ensorcelled Hibernation
  1024 | D:1      | Reached XP level 3. HP: 14/14 MP: 7/7
  1172 | D:2      | Noticed a centaur
  1180 | D:2      | Slain by a centaur

Skill      XL: |  1  2 |
---------------+-------+-----
Unarmed Combat | 2 3 |  3.0
Dodging        | |  2.6
Stealth        | |  4.0
Spellcasting   | |  2.0
Hexes          | |  4.4

Action                   || total
-------------------------++-------
Melee: Unarmed           ||    56
       Bite              ||     2
       Punch             ||     2
 Cast: Corona            ||     2
       Ensorcelled Hiber ||     8
 Stab: Sleeping          ||    11
  Eat: Chunk             ||     3
Armor: Skin              ||     5
Dodge: Dodged            ||    62
